 Dungeon Crawl Stone Soup version 0.29-a0-43-g62a80824bf (webtiles) character file.

Game seed: 596021887648796688

55 gus3d the Stinger (level 3, -2/16 HPs)
             Began as a Spriggan Venom Mage on Feb 2, 2022.
             Slain by a crimson imp (3 damage)
             ... summoned by Natasha
             ... on level 2 of the Dungeon.
             The game lasted 00:03:12 (1889 turns).

gus3d the Stinger (Spriggan Venom Mage)             Turns: 1889, Time: 00:03:12

Health: -2/16      AC:  2    Str:  4    XL:     3   Next: 67%
Magic:  3/8        EV: 17    Int: 18    God:
Gold:   80         SH:  0    Dex: 15    Spells: 5/8 levels left

rFire   . . .      SeeInvis +   b - +0 dagger
rCold   . . .      Faith    .   (no shield)
rNeg    . . .      Spirit   .   a - +0 robe
rPois   .          Reflect  .   (helmet restricted)
rElec   .          Harm     .   (no cloak)
rCorr   .          Rampage  .   (gloves unavailable)
Will    .....                   (boots unavailable)
Stlth   ++........              (no amulet)
HPRegen 0.05/turn               (no ring)
MPRegen 0.11/turn               (no ring)

@: very quick
A: very small, no large weapons, unfitting armour, see invisible, speed 3
a: no special abilities


You were on level 2 of the Dungeon.
You visited 1 branch of the dungeon, and saw 2 of its levels.

You collected 80 gold pieces.

Inventory:

Hand Weapons
 b - a +0 dagger (weapon)
Armour
 a - a +0 robe (worn)
Scrolls
 c - a scroll of holy word
 f - a scroll of fog
Potions
 d - a potion of lignification {unknown}
 e - a potion of magic {unknown}
 h - a potion of might


   Skills:
 + Level 0.3 Short Blades
 + Level 2.7 Dodging
 + Level 3.0 Stealth
 + Level 3.3 Spellcasting
 + Level 2.8 Transmutations
 + Level 3.8 Poison Magic


You had 5 spell levels left.
You knew the following spells:

 Your Spells              Type           Power      Damage    Failure   Level
a - Sting                 Tmut/Pois      56%        1d5       4%          1
b - Poisonous Vapours     Pois/Air       18%        N/A       11%         2

Your spell library contained the following spells:

 Spells                   Type           Power      Damage    Failure   Level
 Mephitic Cloud           Conj/Pois/Air  7%         N/A       28%         3
 Olgreb's Toxic Radiance  Pois           16%        N/A       32%         4


Dungeon Overview and Level Annotations

Branches:
Dungeon (2/15)

Altars:

Annotations:
D:2 Natasha, Sigmund


Innate Abilities, Weirdness & Mutations

You are very small and have problems with some larger weapons.
You are too small for most types of armour.
You have supernaturally acute eyesight. (SInv)
You cover ground extremely quickly. (Speed+++)


Message History

The sting hits Natasha.
Natasha is poisoned.
Natasha is lightly wounded.
The crimson imp barely misses you.
The crimson imp blinks!
Natasha barely misses you.
Casting: Sting (safe; 4% risk of failure)
Confirm with . or Enter, or press ? or * to list all spells.
Aiming: Sting (safe; 4% risk of failure)
Press: ? - help, Shift-Dir - straight line, f/p - Natasha
Aim: Natasha (lightly wounded, poisoned, 64% to hit)
The sting hits Natasha but does no damage.
Natasha looks even sicker.
Natasha is lightly wounded.
The crimson imp barely misses you.
Natasha stares at you and mumbles some strange words.
The magic dart hits you!
* * * LOW HITPOINT WARNING * * *
Your magical contamination has completely faded away.
Casting: Sting (safe; 4% risk of failure)
Confirm with . or Enter, or press ? or * to list all spells.
Aiming: Sting (safe; 4% risk of failure)
Press: ? - help, Shift-Dir - straight line, f/p - Natasha
Aim: Natasha (moderately wounded, very poisoned, 64% to hit)
The sting hits Natasha but does no damage.
Natasha looks even sicker.
Natasha is moderately wounded.
The crimson imp misses you.
Natasha howls an incantation.
You feel troubled. Natasha closely misses you.
Casting: Sting (safe; 4% risk of failure)
Confirm with . or Enter, or press ? or * to list all spells.
Aiming: Sting (safe; 4% risk of failure)
Press: ? - help, Shift-Dir - straight line, f/p - Natasha
Aim: Natasha (moderately wounded, very poisoned, 64% to hit)
The sting hits Natasha but does no damage.
Natasha looks as sick as possible!
Natasha is moderately wounded.
The crimson imp misses you. Natasha closely misses you.
The crimson imp hits you.
You die...

............#
..#.
.#########.##
..... .# #.#
######....# .#
#.# #...†...# .#
#.# #.####### .#
#.# #.# .#
#.####.### # .#
#.#..(h..#####..
.#
#.....5@5.......
.#
###.##....##.###
#.##.......#
#.###......# #.#
##.#.##.. #.#
#.#.# # ##.##
#.#.#
###...###.#.#
######
#<..#.l))†..#


You could see Natasha (extremely poisoned) and 2 crimson imps.

Vanquished Creatures
  Natasha (D:2)
  An orc (D:2)
  7 endoplasms
  2 giant cockroaches (D:2)
  3 hobgoblins
  2 jackals (D:2)
  A quokka (D:1)
  A ball python (D:1)
  2 frilled lizards
  2 goblins (D:1)
  4 kobolds (D:1)
  A rat (D:1)
27 creatures vanquished.

Notes
Turn   | Place    | Note
-------+----------+-------------------------------------------
     0 | D:1      | gus3d the Spriggan Venom Mage began the quest for the Orb.
     0 | D:1      | Reached XP level 1. HP: 9/9 MP: 5/5
   593 | D:1      | Reached XP level 2. HP: 13/13 MP: 3/6
   767 | D:1      | Found a faded altar of an unknown god.
  1578 | D:2      | Reached XP level 3. HP: 16/16 MP: 6/8
  1581 | D:2      | Learned a level 2 spell: Poisonous Vapours
  1645 | D:2      | Noticed Sigmund
  1728 | D:2      | Noticed Natasha
  1738 | D:2      | Killed Natasha
  1780 | D:2      | Noticed Natasha
  1889 | D:2      | Slain by a crimson imp

Illustrated notes

Levels and vault maps discovered:
D:1:      minmay_arrival_radiant_lines, layout_rooms,
          hellmonk_ecumenical_altar_pennies_from_heaven
D:2:      layout_loops_ring, uniq_sigmund, uniq_natasha, uniq_jessica

Skill      XL: |  1  2 |
---------------+-------+-----
Transmutations | 2 |  2.8
Spellcasting   | 3 |  3.3
Short Blades   | |  0.3
Dodging        | |  2.7
Stealth        | |  3.0
Poison Magic   | |  3.8

Action                   || total
-------------------------++-------
Melee: Dagger            ||    37
 Cast: Sting             ||    50
  Use: Scroll            ||     3
Armor: Robe              ||     4
Dodge: Dodged            ||    35

Table legend: (Time is in decaauts)
 A = Elapsed time spent in this place.
 B = Non-inter-level travel time spent in this place.
 C = Inter-level travel time spent in this place.
 D = Time resting spent in this place.
 E = Time spent auto-exploring this place.
 F = Levels seen in this place.
 G = Mean time per level.
                   A        B        C        D        E       F      G
               +--------+--------+--------+--------+--------+-----+--------+
         Total |   1620 |   1578 |     42 |    408 |    948 |   2 |  810.0 |
       Dungeon |   1620 |   1578 |     42 |    408 |    948 |   2 |  810.0 |
               +--------+--------+--------+--------+--------+-----+--------+

Top non-repeatable levels by time:
     D:1: 934 daAuts
     D:2: 686 daAuts
